 Dungeon Crawl Stone Soup version 0.29-a0-330-g52719c12eb (webtiles) character file.

Game seed: 10236273949726844287

303421 Crownlay the Spry (level 21, 0/214 HPs)
             Began as a Gnoll Ice Elementalist on May 4, 2022.
             Was the Champion of Uskayaw.
             Slain by a frost giant
             ... wielding a +1 battleaxe of freezing
              (11 damage)
             ... on level 2 of the Vaults on May 5, 2022.
             The game lasted 02:33:39 (42003 turns).

Crownlay the Spry (Gnoll Ice Elementalist)         Turns: 42003, Time: 02:33:39

Health: 0/214      AC: 30    Str: 13    XL:     21   Next: 8%
Magic:  13/40      EV: 26    Int: 23    God:    Uskayaw [******]
Gold:   4869       SH: 11    Dex: 19    Spells: 2/50 levels left

rFire   . . .      SeeInvis +   a - +10 dagger "Tiogiag" {vorpal, SInv}
rCold   + + .      Faith    .   f - +3 buckler {reflect}
rNeg    + . .      Spirit   .   (body armour currently unavailable)
rPois   ∞          Reflect  +   p - +1 helmet
rElec   +          Harm     .   Z - +3 cloak of Hozidd {rC+ Regen+ Dex+4}
rCorr   +          Rampage  .   (gloves currently unavailable)
Will    +....      NoTele   +   (boots currently unavailable)
Stlth   ++++++....              M - amulet of Xiuqua {-Tele rC+ Regen+ rCorr Str+5}
HPRegen 2.05/turn               E - ring of wizardry
MPRegen 0.27/turn               y - ring of wizardry

@: statue-form, frozen, corroded, freezing walls, studying Dodging, very slow
A: slow and powerful, torment resistance 1, boosted hp, fangs 1, strong nose,
distributed training
}: 2/15 runes: barnacled, gossamer
a: End Transformation, Renounce Religion, Stomp, Line Pass, Grand Finale


You were on level 2 of the Vaults.
You worshipped Uskayaw.
Uskayaw was pleased with you.
You were a living statue of rough stone.
You visited 8 branches of the dungeon, and saw 36 of its levels.
You also visited: Gauntlet and Ice Cave.

You collected 6441 gold pieces.
You spent 1572 gold pieces at shops.

Inventory:

Hand Weapons
 a - the +10 dagger "Tiogiag" (weapon) {vorpal, SInv}
   (You found it on level 4 of the Dungeon)

   It inflicts extra damage upon your enemies.
   SInv:      It lets you see invisible.
 l - the +5 hunting sling of Vanity {venom, rF+ Dex+4 SInv}
   (You found it on level 2 of the Dungeon)

   Any ammunition fired from it poisons the flesh of those it strikes.
   Dex:       It affects your dexterity (+4).
   rF:        It protects you from fire.
   SInv:      It lets you see invisible.
Missiles
 n - 4 throwing nets
Armour
 f - a +3 buckler of reflection (worn)
 k - the +4 leather armour of Okawaru's Regard (melded) {rN++ Will+}
   (You took it off a minotaur in a Gauntlet)

   rN:        It greatly protects you from negative energy.
   Will:      It increases your willpower.
 p - a +1 helmet (worn)
 A - a +0 pair of boots (melded)
 O - a +0 pair of gloves (melded)
 Z - the +3 cloak of Hozidd (worn) {rC+ Regen+ Dex+4}
   (You found it in a Gauntlet)

   Dex:       It affects your dexterity (+4).
   rC:        It protects you from cold.
   Regen:     It increases your rate of health regeneration.
Jewellery
 d - the ring "Buatuh" {rF+++ MP+9 Str-5 Dex+4}
   (You found it on level 1 of the Vaults)

   [ring of magical power]

   Str:       It affects your strength (-5).
   Dex:       It affects your dexterity (+4).
   rF:        It renders you almost immune to fire.
   MP:        It affects your magic capacity (+9).
 s - the ring of Ynwebor {rPois Int+4 Dex+3 SInv}
   (You found it on level 2 of the Vaults)

   [ring of poison resistance]

   Int:       It affects your intelligence (+4).
   Dex:       It affects your dexterity (+3).
   rPois:     It protects you from poison.
   SInv:      It lets you see invisible.
 y - a ring of wizardry (right fist)
 E - a ring of wizardry (left fist)
 M - the amulet of Xiuqua (around neck) {-Tele rC+ Regen+ rCorr Str+5}
   (You took it off an orc wizard on level 9 of the Dungeon)

   [amulet of regeneration]

   Str:       It affects your strength (+5).
   rC:        It protects you from cold.
   -Tele:     It prevents most forms of teleportation.
   Regen:     It increases your rate of health regeneration.
   rCorr:     It protects you from acid and corrosion.
Wands
 o - a wand of flame (40)
 r - a wand of digging (8)
 t - a wand of acid (6)
 u - a wand of polymorph (7)
 K - a wand of mindburst (14)
 P - a wand of charming (21)
 Q - a wand of paralysis (7)
 U - a wand of iceblast (13)
Scrolls
 c - 6 scrolls of fear
 g - 2 scrolls of fog
 h - 7 scrolls of amnesia
 i - 16 scrolls of teleportation
 q - a scroll of summoning
 w - 5 scrolls of brand weapon
 F - 3 scrolls of silence
 G - 8 scrolls of enchant weapon
 J - a scroll of holy word
 L - 4 scrolls of magic mapping
 T - 2 scrolls of blinking
 X - a scroll of enchant armour
Potions
 b - 4 potions of magic
 j - 17 potions of curing
 m - 13 potions of haste
 v - 3 potions of might
 x - 2 potions of invisibility
 z - 2 potions of heal wounds
 B - 12 potions of ambrosia
 D - 5 potions of brilliance
 I - 7 potions of mutation
 N - 4 potions of resistance
 S - 5 potions of flight
 Y - 5 potions of cancellation
Miscellaneous
 e - a box of beasts


   Skills:
 + Level 14.2 Fighting
 + Level 14.2 Short Blades
 + Level 14.2 Long Blades
 + Level 14.2 Axes
 + Level 14.2 Maces & Flails
 + Level 14.2 Polearms
 + Level 14.2 Staves
 + Level 14.2 Slings
 + Level 14.2 Bows
 + Level 14.2 Crossbows
 + Level 14.2 Throwing
 + Level 14.2 Armour
 + Level 19.8 Dodging
 + Level 14.7 Stealth
 + Level 14.2 Shields
 + Level 14.2 Unarmed Combat
 + Level 15.0 Spellcasting
 + Level 12.0 Conjurations
 + Level 12.0 Hexes
 + Level 12.0 Summonings
 + Level 12.0 Necromancy
 + Level 12.0 Translocations
 + Level 12.0 Transmutations
 + Level 12.0 Fire Magic
 + Level 13.8 Ice Magic
 + Level 12.0 Air Magic
 + Level 12.0 Earth Magic
 + Level 12.0 Poison Magic
 + Level 15.3 Invocations
 + Level 14.2 Evocations


You had 2 spell levels left.
You knew the following spells:

 Your Spells              Type           Power      Damage    Failure   Level
a - Freeze                Ice            100%       1d11      0%          1
b - Frozen Ramparts       Ice            100%       1d12      1%          3
c - Ozocubu's Armour      Ice            69%        N/A       1%          3
d - Hailstorm             Conj/Ice       67%        3d14      1%          4
e - Blink                 Tloc           100%       N/A       1%          2
f - Statue Form           Tmut/Erth      42%        N/A       1%          6
g - Spellforged Servitor  Conj/Summ      32%        N/A       7%          7
h - Ozocubu's Refrigerat  Ice            34%        4d11      3%          7
i - Lehudib's Crystal Sp  Conj/Erth      32%        10d8      41%         8
j - Orb of Destruction    Conj           32%        9d10      7%          7

Your spell library contained the following spells:

 Spells                   Type           Power      Damage    Failure   Level
 Magic Dart               Conj           100%       1d8       1%          1
 Corpse Rot               Necr/Air       100%       N/A       1%          2
 Ensorcelled Hibernation  Hex/Ice        100%       N/A       1%          2
 Scorch                   Fire           100%       2d10      1%          2
 Searing Ray              Conj           100%       2d8       1%          2
 Static Discharge         Conj/Air       64%        N/A       1%          2
 Sublimation of Blood     Necr           64%        N/A       1%          2
 Wereblood                Tmut           64%        N/A       1%          2
 Spider Form              Tmut/Pois      64%        N/A       1%          3
 Stone Arrow              Conj/Erth      100%       3d13      1%          3
 Summon Guardian Golem    Hex/Summ       64%        N/A       1%          3
 Anguish                  Hex/Necr       32%        N/A       1%          4
 Animate Armour           Summ/Erth      100%       N/A       1%          4
 Dispel Undead            Necr           64%        3d22      1%          4
 Flame Wave               Conj/Fire      64%        2d12      1%          4
 Fulminant Prism          Conj/Hex       32%        3d16      1%          4
 Ice Form                 Ice/Tmut       67%        N/A       1%          4
 Iskenderun's Mystic Bla  Conj/Tloc      64%        2d13      1%          4
 Leda's Liquefaction      Hex/Erth       32%        N/A       1%          4
 Olgreb's Toxic Radiance  Pois           64%        N/A       1%          4
 Sticky Flame             Conj/Fire      64%        2d8       1%          4
 Summon Ice Beast         Ice/Summ       67%        N/A       1%          4
 Lee's Rapid Deconstruct  Erth           32%        3d17*     1%          5
 Manifold Assault         Tloc           64%        N/A       1%          5
 Summon Forest            Summ/Tloc      32%        N/A       1%          5
 Summon Mana Viper        Hex/Summ       64%        N/A       1%          5
 Death Channel            Necr           32%        N/A       1%          6
 Eringya's Noxious Bog    Tmut/Pois      32%        N/A       1%          6
 Summon Cactus Giant      Summ           32%        N/A       1%          6
 Monstrous Menagerie      Summ           32%        N/A       7%          7
 Storm Form               Tmut/Air       32%        N/A       7%          7
 Summon Hydra             Summ           32%        N/A       7%          7
 Ignition                 Fire           32%        3d10      41%         8


Dungeon Overview and Level Annotations

Branches:
Dungeon (15/15)            Temple (1/1) D:5            Lair (6/6) D:10
 Shoals (4/4) Lair:2       Spider (4/4) Lair:2        Slime (0/5) Lair:5
    Orc (2/2) D:11            Elf (2/3) Orc:2        Vaults (2/5) D:14
 Depths (0/4) D:15          IceCv (visited)         Gauntlet (visited)
  Crypt: Vaults:2-3

Altars:
Ashenzari
Cheibriados
Dithmenos
Elyvilon
Fedhas
Gozag
Hepliaklqana
Kikubaaqudgha
Makhleb
Nemelex Xobeh
Okawaru
Qazlal
Ru
Sif Muna
Trog
Uskayaw
Vehumet
Wu Jian
Xom
Yredelemnul
Zin
The Shining One
Beogh
Jiyva

Shops:
D:3 :   Orc:2 *(:[   Elf:1 =:=?   Elf:2 (   Shoals:1 [   Shoals:2 ?
Shoals:4 =

Portals:
Trove: D:12 (give 12 potions of heal wounds)

Annotations:
Elf:2 3 runed translucent doors


Innate Abilities, Weirdness & Mutations

You are a living statue of rough stone.
Your actions are slow, but your melee attacks are powerful.
You are resistant to unholy torment.
Your maximum health is greatly increased.
You are immune to poison.
Your equipment is partially melded.
You have very sharp teeth.
Your uncanny sense of smell can sniff out nearby items.
Your experience applies equally to all skills.


Message History

The ironbound thunderhulk blinks!
The wall freezes the sphinx!
Your Spellcasting skill increases to level 15!
You feel much better. The ice encasing you melts away.
The vault warden activates a sealing rune.
The frost giant resists.
The wall freezes the frost giant.
The frost giant barely misses you.
The wall freezes the vault warden.
The vault sentinel blows a loud note on a signal horn!
The wall freezes the sphinx!
The tengu reaver simulacrum completely resists.
The wall freezes the tengu reaver simulacrum but does no damage.
The tengu reaver simulacrum barely misses you.
The tengu reaver simulacrum completely misses you.
The tengu reaver simulacrum barely misses you.
You hear a shout!
Okay, then.
The wall freezes the sphinx!
The ironbound frostheart calls freezing cold from the walls.
Keep disrobing?
The frost grips you but does no damage.
You are encased in ice.
The wall freezes the vault warden!
The vault warden hits you with a +2 dire flail of holy wrath!
* * * LOW HITPOINT WARNING * * *
The frost giant resists.
The wall freezes the frost giant.
The frost giant points at you and mumbles some strange words.
The bolt of cold misses you.
The wall freezes the sphinx!
The tengu reaver simulacrum completely resists.
The wall freezes the tengu reaver simulacrum but does no damage.
You block the tengu reaver simulacrum's attack.
The tengu reaver simulacrum pecks you but does no damage.
The tengu reaver simulacrum misses you.
The ironbound frostheart calls freezing cold from the walls.
The frost grips you!! You partially resist.
* * * LOW HITPOINT WARNING * * *
The wall freezes the vault warden.
The wall freezes the vault warden!
The frost giant completely resists.
The wall freezes the frost giant but does no damage.
The frost giant hits you with a +1 battleaxe of freezing!
You die...

#....#......#....#......#..
#....#......#....#......'..
#....#......#....########..
.....#..>...#..............
.....#......#..............
.########..............
.......................
.######+####........... .
#p8Z)..###.........
##.Cc.## ##........ ##HJ##
##....... #pc# #.......


pkp# ppBW .pOO.. .p..... #p..##.. You could see a frost giant (soul bound), a
sphinx (soul bound), 2 vault wardens, 2 ironbound thunderhulks, 2 yaktaur
captains, an entropy weaver (soul bound), a slime creature, an ironbound
frostheart (soul bound), a lindwurm (soul bound), a phantasmal warrior, a
necromancer and a tengu reaver simulacrum.

Vanquished Creatures
  Saint Roka (Vaults:1)
  Nikola (Vaults:1)
  Arachne (Spider:3)
  Rupert (Lair:3)
  The ghost of Rarph the Warrior, an adept DsFi of Ru (Shoals:1)
  An ancient champion (Vaults:2)
  The ghost of Boexyac the Fighter, an adept OpCj of Ashenzari (Spider:3)
  4 tengu reavers
  Donald (Orc:2)
  Ilsuiw (Shoals:2)
  3 orc warlords
  2 emperor scorpions
  3 ghost moths
  7 vault wardens
  3 ironbound preservers
  2 broodmothers (Spider:3)
  2 very ugly things
  2 ironbound thunderhulks (Vaults:1)
  A minotaur (Gauntlet)
  A dire elephant (D:15)
  4 entropy weavers
  8 merfolk javelineers
  12 merfolk impalers
  7 yaktaur captains
  5 great orbs of eyes
  A caustic shrike simulacrum (IceCv)
  Fannar (Orc:2)
  A peacekeeper (Vaults:2)
  8 vault guards (D:14)
  11 hydras
  7 jorogumos
  3 catoblepae
  6 boulder beetles
  4 merfolk avatars (Shoals:3)
  10 centaur warriors
  5 radroaches
  3 two-headed ogres
  4 tengu warriors
  An alligator snapping turtle (Shoals:3)
  3 merfolk aquamancers
  6 death scarabs (Spider:4)
  11 dancing weapons
  5 death yaks
  4 satyrs
  A spectral emperor scorpion (Spider:4)
  Urug (Lair:4)
  3 orc high priests (Orc:2)
  2 soul eaters (Vaults:2)
  7 deep elf knights
  Nergalle (D:12)
  A fire crab (Lair:5)
  10 pharaoh ants
  A sun moth (Spider:4)
  13 sea snakes
  6 deep trolls (Vaults:1)
  3 wizards (Vaults:1)
  10 orb spiders
  A phantasmal warrior (Vaults:2)
  3 ironbound convokers
  A spectral wolf spider (Spider:4)
  14 deep elf archers
  6 lindwurms
  18 deep elf pyromancers
  8 orc knights
  3 steelbarb worms (Spider:4)
  4 nameless horrors
  9 wolf spider zombies (Spider:1)
  8 harpies
  A necromancer (Spider:1)
  18 wolf spiders
  15 deep elf zephyrmancers
  8 cyclopes
  4 orc sorcerers (Orc:2)
  An oklob plant (Lair:6)
  16 ugly things
  11 manticores
  18 fauns
  3 moths of wrath
  6 elephants
  A salamander (D:15)
  Joseph (D:10)
  6 merfolk sirens
  9 black mambas
  5 water nymphs
  5 vault sentinels
  11 torpor snails
  Maggie (Lair:2)
  A gargoyle (D:13)
  An unseen horror (D:11)
  9 cane toads
  9 demonic crawlers
  2 kobold demonologists
  28 yaktaurs
  4 rime drakes
  Psyche (D:11)
  2 spectral redbacks (Spider:4)
  A freezing wraith (IceCv)
  An anaconda simulacrum (IceCv)
  9 redback zombies (Spider:1)
  14 komodo dragons
  3 golden dragon simulacra (IceCv)
  2 tengu conjurers (D:15)
  A queen bee (Lair:3)
  7 hornets
  27 merfolk
  A meliai (shapeshifter) (D:14)
  8 trolls
  5 polar bears (Lair:6)
  24 tarantellas
  19 blink frogs
  3 wind drakes
  6 dream sheep
  2 hornets (shapeshifter) (Elf:1)
  3 snapping turtles
  A spectral tarantella (Spider:4)
  A spectral culicivora (Spider:4)
  2 spectral jumping spiders (Spider:4)
  A jumping spider zombie (Spider:4)
  31 slime creatures
  5 tarantella zombies (Spider:1)
  6 culicivora zombies
  Sigmund (D:3)
  20 culicivoras
  12 water elementals
  16 jumping spiders
  11 spriggans (Lair:6)
  2 shadows
  4 wyverns
  49 yaks
  5 fire elementals
  2 dire elephant simulacra (IceCv)
  38 redbacks
  8 basilisks
  12 vampire mosquitoes
  A steam dragon (D:6)
  A harpy simulacrum (IceCv)
  8 wargs
  24 water moccasins
  A spectral hornet (Gauntlet)
  A floating eye (shapeshifter) (Vaults:1)
  7 sky beasts
  40 orc warriors
  2 ice beasts
  4 black bears
  12 ogres
  6 boggarts
  3 phantoms
  47 wolves
  11 centaurs
  20 kobold brigands
  2 gnoll sergeants
  2 necrophages
  2 scorpions
  2 earth elementals
  A jelly (D:4)
  12 bullfrogs
  4 wights
  32 killer bees
  7 howler monkeys
  A hound (D:5)
  3 iguanas
  20 orc priests
  Natasha (thrice) (D:3)
  24 orc wizards
  Terence (D:3)
  Robin (D:3)
  12 gnolls
  12 adders
  A worm (D:2)
  2 dart slugs
  76 orcs
  3 bats
  18 endoplasms
  8 giant cockroaches
  10 hobgoblins
  6 jackals
  3 quokkas
  6 ball pythons
  5 frilled lizards
  22 goblins
  29 kobolds
  7 rats
1388 creatures vanquished.

Vanquished Creatures (collateral kills)
  Mara (Shoals:4)
  A very ugly thing (IceCv)
  2 merfolk impalers (Shoals:4)
  A jorogumo (Spider:4)
  2 merfolk avatars
  A satyr (Shoals:4)
  An alligator snapping turtle (Shoals:4)
  2 merfolk aquamancers (Shoals:4)
  A death scarab (Spider:4)
  2 pharaoh ants (Spider:4)
  3 sea snakes
  An orange crystal statue (IceCv)
  A steelbarb worm (Spider:4)
  4 lindwurms
  A spectral wolf spider (Spider:4)
  A harpy (Shoals:4)
  A moth of wrath (Spider:4)
  4 slime creatures (D:12)
  A manticore (Shoals:4)
  2 merfolk sirens
  A torpor snail (Spider:4)
  A spectral redback (Spider:4)
  A freezing wraith (IceCv)
  A dancing weapon (Elf:2)
  2 merfolk (Shoals:4)
  A dream sheep (Shoals:4)
  2 jumping spider zombies (Spider:4)
  A snapping turtle (Shoals:4)
  3 jumping spiders (Spider:4)
  3 water elementals (Shoals:4)
  2 redbacks (Spider:4)
  An orc warrior (Vaults:1)
  2 earth elementals
54 creatures vanquished.

Vanquished Creatures (others)
  A deep elf elementalist (Elf:1)
  An ironbound preserver (Vaults:1)
  An ogre mage (Vaults:1)
  A two-headed ogre (Vaults:1)
  An ironbound frostheart (Vaults:1)
  A merfolk aquamancer (Shoals:2)
  2 deep elf knights (Elf:1)
  2 deep trolls (Vaults:1)
  2 deep elf pyromancers (Elf:1)
  A wind drake (Shoals:1)
  A warg (Vaults:1)
  An ogre (Vaults:1)
  46 fungi
  77 plants
138 creatures vanquished.

Grand Total: 1580 creatures vanquished

Notes
Turn   | Place    | Note
-------+----------+-------------------------------------------
     0 | D:1      | Crownlay the Gnoll Ice Elementalist began the quest for the
                  | Orb.
     0 | D:1      | Reached XP level 1. HP: 13/13 MP: 6/6
   347 | D:1      | Reached XP level 2. HP: 10/19 MP: 4/7
   658 | D:1      | Found a faded altar of an unknown god.
  1142 | D:1      | Reached XP level 3. HP: 21/25 MP: 6/9
  1254 | D:1      | Reached skill level 5 in Spellcasting
  1514 | D:2      | Identified the +5 hunting sling of Vanity {venom, rF+ Dex+4
                  | SInv}
  1594 | D:2      | Learned a level 3 spell: Frozen Ramparts
  1598 | D:2      | Learned a level 3 spell: Ozocubu's Armour
  1611 | D:2      | Reached skill level 1 in Invocations
  1711 | D:2      | Identified the +7 quarterstaff "Sirrudgh" {freeze, Will+}
  1749 | D:2      | Reached skill level 1 in Fighting
  1749 | D:2      | Reached skill level 1 in Short Blades
  1749 | D:2      | Reached skill level 1 in Long Blades
  1749 | D:2      | Reached skill level 1 in Axes
  1749 | D:2      | Reached skill level 1 in Maces & Flails
  1749 | D:2      | Reached skill level 1 in Polearms
  1749 | D:2      | Reached skill level 1 in Staves
  1749 | D:2      | Reached skill level 1 in Slings
  1749 | D:2      | Reached skill level 1 in Bows
  1749 | D:2      | Reached skill level 1 in Crossbows
  1749 | D:2      | Reached skill level 1 in Throwing
  1749 | D:2      | Reached skill level 1 in Armour
  1749 | D:2      | Reached skill level 1 in Shields
  1749 | D:2      | Reached skill level 1 in Unarmed Combat
  1749 | D:2      | Reached skill level 1 in Evocations
  1843 | D:2      | Reached XP level 4. HP: 32/32 MP: 11/11
  2329 | D:3      | Noticed Robin
  2334 | D:3      | Killed Robin
  2342 | D:3      | Reached skill level 1 in Conjurations
  2342 | D:3      | Reached skill level 1 in Hexes
  2342 | D:3      | Reached skill level 1 in Summonings
  2342 | D:3      | Reached skill level 1 in Necromancy
  2342 | D:3      | Reached skill level 1 in Translocations
  2342 | D:3      | Reached skill level 1 in Transmutations
  2342 | D:3      | Reached skill level 1 in Fire Magic
  2342 | D:3      | Reached skill level 1 in Air Magic
  2342 | D:3      | Reached skill level 1 in Earth Magic
  2342 | D:3      | Reached skill level 1 in Poison Magic
  2387 | D:3      | Noticed Natasha
  2394 | D:3      | Killed Natasha
  2395 | D:3      | Reached XP level 5. HP: 35/37 MP: 8/12
  2401 | D:3      | Noticed Natasha
  2404 | D:3      | Killed Natasha
  2529 | D:3      | Found a burning altar of Makhleb.
  2594 | D:3      | Found Voaff's Book Shoppe.
  2703 | D:3      | Noticed Natasha
  2705 | D:3      | Killed Natasha
  2706 | D:3      | Noticed Terence
  2712 | D:3      | Killed Terence
  2713 | D:3      | Reached XP level 6. HP: 38/44 MP: 6/13
  2852 | D:3      | Noticed Sigmund
  2857 | D:3      | Killed Sigmund
  2858 | D:3      | Reached skill level 5 in Dodging
  3268 | D:3      | Reached XP level 7. HP: 41/50 MP: 15/15
  3564 | D:4      | Reached skill level 5 in Stealth
  4223 | D:4      | Reached XP level 8. HP: 57/57 MP: 16/16
  4273 | D:4      | Identified the +10 dagger "Tiogiag" {vorpal, SInv}
  4656 | D:5      | Entered Level 5 of the Dungeon
  4849 | D:5      | Found a hide-covered altar of Uskayaw.
  4880 | D:5      | Reached skill level 6 in Dodging
  5082 | D:5      | Found a staircase to the Ecumenical Temple.
  5093 | Temple   | Entered the Ecumenical Temple
  5380 | D:5      | Found a hazy altar of Hepliaklqana.
  5651 | D:6      | Reached XP level 9. HP: 44/65 MP: 18/18
  5983 | D:6      | Found a blossoming altar of Fedhas.
  6202 | D:6      | Reached skill level 7 in Dodging
  6325 | D:7      | Found a bloodstained altar of Trog.
  6327 | D:7      | Found a sparkling altar of Nemelex Xobeh.
  6331 | D:7      | Found a glowing silver altar of Zin.
  6595 | D:7      | Noticed a hornet
  6599 | D:7      | Killed a hornet
  6600 | D:7      | Reached skill level 5 in Invocations
  6928 | D:7      | Reached XP level 10. HP: 47/73 MP: 20/20
  7118 | D:8      | Noticed a manticore
  7119 | D:8      | Identified the +0 mace of Proximity {protect, rElec}
  7127 | D:8      | Killed a manticore
  7128 | D:8      | Reached skill level 5 in Fighting
  7128 | D:8      | Reached skill level 5 in Short Blades
  7128 | D:8      | Reached skill level 5 in Long Blades
  7128 | D:8      | Reached skill level 5 in Axes
  7128 | D:8      | Reached skill level 5 in Maces & Flails
  7128 | D:8      | Reached skill level 5 in Polearms
  7128 | D:8      | Reached skill level 5 in Staves
  7128 | D:8      | Reached skill level 5 in Slings
  7128 | D:8      | Reached skill level 5 in Bows
  7128 | D:8      | Reached skill level 5 in Crossbows
  7128 | D:8      | Reached skill level 5 in Throwing
  7128 | D:8      | Reached skill level 5 in Armour
  7128 | D:8      | Reached skill level 8 in Dodging
  7128 | D:8      | Reached skill level 5 in Shields
  7128 | D:8      | Reached skill level 5 in Unarmed Combat
  7128 | D:8      | Reached skill level 5 in Evocations
  7483 | D:8      | Noticed a kobold demonologist
  7491 | D:8      | Killed a kobold demonologist
  7524 | D:8      | Reached skill level 9 in Dodging
  7866 | D:8      | Found a shimmering blue altar of Sif Muna.
  7988 | D:9      | Noticed a two-headed ogre
  7990 | D:9      | Reached XP level 11. HP: 81/81 MP: 17/22
  8001 | D:9      | Killed a two-headed ogre
  8064 | D:9      | Learned a level 4 spell: Hailstorm
  8195 | D:9      | Found a broken altar of Ashenzari.
  8363 | D:5      | Became a worshipper of Uskayaw the Reveller
  8596 | D:9      | Reached * piety under Uskayaw
  8598 | D:9      | Reached ** piety under Uskayaw
  8600 | D:9      | Reached skill level 5 in Conjurations
  8600 | D:9      | Reached skill level 5 in Hexes
  8600 | D:9      | Reached skill level 5 in Summonings
  8600 | D:9      | Reached skill level 5 in Necromancy
  8600 | D:9      | Reached skill level 5 in Translocations
  8600 | D:9      | Reached skill level 5 in Transmutations
  8600 | D:9      | Reached skill level 5 in Fire Magic
  8600 | D:9      | Reached skill level 5 in Air Magic
  8600 | D:9      | Reached skill level 5 in Earth Magic
  8600 | D:9      | Reached skill level 5 in Poison Magic
  8600 | D:9      | Reached *** piety under Uskayaw
  8602 | D:9      | Reached **** piety under Uskayaw
  8609 | D:9      | Reached ***** piety under Uskayaw
  8613 | D:9      | Reached ****** piety under Uskayaw
  8989 | D:9      | Identified the amulet of Xiuqua {-Tele rC+ Regen+ rCorr
                  | Str+5}
  9334 | D:10     | Entered Level 10 of the Dungeon
  9414 | D:10     | Found a staircase to the Lair.
  9444 | D:10     | Found a snail-covered altar of Cheibriados.
  9493 | D:10     | Reached skill level 10 in Dodging
  9703 | D:10     | Noticed Joseph
  9712 | D:10     | Killed Joseph
 10116 | D:10     | Found an iron altar of Okawaru.
 10175 | D:10     | Found a shimmering altar of Xom.
 10320 | D:11     | Found a staircase to the Orcish Mines.
 10711 | D:11     | Reached XP level 12. HP: 74/89 MP: 24/24
 11159 | D:11     | Noticed Psyche
 11166 | D:11     | Killed Psyche
 11856 | D:12     | Noticed a four-headed hydra
 11866 | D:12     | Killed a four-headed hydra
 12030 | D:12     | Noticed an eight-headed hydra
 12038 | D:12     | Killed an eight-headed hydra
 12039 | D:12     | Reached skill level 11 in Dodging
 12601 | D:12     | Noticed Nergalle
 12612 | D:12     | Killed Nergalle
 13323 | D:12     | Found a portal to a secret trove of treasure.
 13412 | Lair:1   | Entered Level 1 of the Lair of Beasts
 13600 | Lair:1   | Reached XP level 13. HP: 76/98 MP: 26/26
 14354 | Lair:2   | Found a hole to the Spider Nest.
 14367 | Lair:2   | Reached skill level 12 in Dodging
 14459 | Lair:2   | Found a staircase to the Shoals.
 14766 | Lair:2   | Noticed Maggie
 14767 | Lair:2   | Reached skill level 10 in Ice Magic
 14777 | Lair:2   | Killed Maggie
 15510 | Lair:3   | Noticed Rupert
 15521 | Lair:3   | Paralysed by Rupert for 5 turns
 15532 | Lair:3   | Killed Rupert
 15612 | Lair:3   | Reached skill level 10 in Spellcasting
 16696 | D:3      | Bought a book of Dangerous Friends for 520 gold pieces
 17150 | Lair:4   | Reached XP level 14. HP: 99/106 MP: 28/28
 17263 | Lair:4   | Reached skill level 13 in Dodging
 17316 | Lair:4   | Noticed Urug
 17326 | Lair:4   | Killed Urug
 17582 | Lair:5   | Found a hide-covered altar of Uskayaw.
 17582 | Lair:5   | Found an ornate altar of the Wu Jian Council.
 17667 | Lair:5   | Reached skill level 10 in Stealth
 17734 | Lair:5   | Found a gate leading to a gauntlet.
 17748 | Gauntlet | Entered a Gauntlet
 17748 | Gauntlet | Found a transporter.
 17751 | Gauntlet | Found a transporter.
 17754 | Gauntlet | Found a transporter.
 17755 | Gauntlet | Found a transporter.
 17758 | Gauntlet | Found a transporter.
 17759 | Gauntlet | Found a transporter.
 17760 | Gauntlet | Found a large runed translucent door.
 17761 | Gauntlet | Found a large runed translucent door.
 17762 | Gauntlet | Found a large runed translucent door.
 17762 | Gauntlet | Found a large runed translucent door.
 17762 | Gauntlet | Found a runed translucent door.
 17763 | Gauntlet | Found a large runed translucent door.
 17764 | Gauntlet | Found a large runed translucent door.
 17765 | Gauntlet | Found a large runed translucent door.
 17765 | Gauntlet | Found a large runed translucent door.
 17766 | Gauntlet | Found a runed translucent door.
 17766 | Gauntlet | Found a runed translucent gate.
 17766 | Gauntlet | Found a runed translucent gate.
 17766 | Gauntlet | Found a runed translucent gate.
 17768 | Gauntlet | Found a transporter.
 17771 | Gauntlet | Found a transporter.
 17787 | Gauntlet | Found a transporter.
 17804 | Gauntlet | Found a transporter.
 17808 | Gauntlet | Found a transporter.
 17811 | Gauntlet | Noticed an entropy weaver
 17819 | Gauntlet | Found a transporter.
 17879 | Gauntlet | Found a large runed translucent door.
 17880 | Gauntlet | Found a large runed translucent door.
 17881 | Gauntlet | Found a large runed translucent door.
 17881 | Gauntlet | Found a large runed translucent door.
 17882 | Gauntlet | Found a large runed translucent door.
 17883 | Gauntlet | Found a large runed translucent door.
 17884 | Gauntlet | Found a large runed translucent door.
 17884 | Gauntlet | Found a large runed translucent door.
 18152 | Gauntlet | Identified the +0 hat of Ibyho {Rampage}
 18166 | Gauntlet | Killed an entropy weaver
 18167 | Gauntlet | Reached skill level 10 in Invocations
 18239 | Gauntlet | Identified the +3 cloak of Hozidd {rC+ Regen+ Dex+4}
 18298 | Gauntlet | Identified the +4 leather armour of Okawaru's Regard {rN++
                  | Will+}
 18368 | Gauntlet | Identified the +5 falchion of Tender Mercy {vorpal, Int+2}
 18659 | Lair:5   | Identified the +4 falchion of the Hated {elec, rElec rF+
                  | rN+ Str-3}
 18914 | Lair:5   | Found a staircase to the Slime Pits.
 18918 | Lair:5   | Found a viscous altar of Jiyva.
 19318 | Lair:6   | Entered Level 6 of the Lair of Beasts
 19750 | Lair:6   | Reached XP level 15. HP: 104/115 MP: 29/29
 19809 | Lair:6   | Reached skill level 14 in Dodging
 20292 | Lair:6   | Reached skill level 10 in Fighting
 20292 | Lair:6   | Reached skill level 10 in Short Blades
 20292 | Lair:6   | Reached skill level 10 in Long Blades
 20292 | Lair:6   | Reached skill level 10 in Axes
 20292 | Lair:6   | Reached skill level 10 in Maces & Flails
 20292 | Lair:6   | Reached skill level 10 in Polearms
 20292 | Lair:6   | Reached skill level 10 in Staves
 20292 | Lair:6   | Reached skill level 10 in Slings
 20292 | Lair:6   | Reached skill level 10 in Bows
 20292 | Lair:6   | Reached skill level 10 in Crossbows
 20292 | Lair:6   | Reached skill level 10 in Throwing
 20292 | Lair:6   | Reached skill level 10 in Armour
 20292 | Lair:6   | Reached skill level 10 in Shields
 20292 | Lair:6   | Reached skill level 10 in Unarmed Combat
 20292 | Lair:6   | Reached skill level 10 in Evocations
 20560 | Lair:6   | Learned a level 2 spell: Blink
 20757 | Orc:1    | Entered Level 1 of the Orcish Mines
 20944 | Orc:1    | Noticed Fannar
 20978 | Orc:1    | Noticed an orc warlord
 20996 | Orc:1    | Killed an orc warlord
 21149 | Orc:2    | Entered Level 2 of the Orcish Mines
 21149 | Orc:2    | Found Wicvegist's Antique Weapon Emporium.
 21159 | Orc:2    | Killed Fannar
 21319 | Orc:2    | Noticed Donald
 21320 | Orc:2    | Noticed an orc warlord
 21341 | Orc:2    | Killed Donald
 21346 | Orc:2    | Killed an orc warlord
 21421 | Orc:2    | Found Uwnonenu's General Store.
 21465 | Orc:2    | Bought a scroll of noise for 13 gold pieces
 21592 | Orc:2    | Found Gafi's Antique Armour Shoppe.
 21927 | Orc:2    | Found Woel's Book Shoppe.
 21975 | Orc:2    | Found a staircase to the Elven Halls.
 23213 | D:14     | Learned a level 6 spell: Statue Form
 23339 | D:14     | Found a gate to the Vaults.
 23376 | D:14     | Reached skill level 15 in Dodging
 23382 | D:14     | Reached XP level 16. HP: 123/123 MP: 27/31
 24010 | D:15     | Entered Level 15 of the Dungeon
 24638 | D:15     | Found a staircase to the Depths.
 24936 | D:15     | Noticed a tengu reaver
 24955 | D:15     | Killed a tengu reaver
 25028 | D:15     | Found the +0 staff of Battle
 25414 | Shoals:1 | Entered Level 1 of the Shoals
 25504 | Spider:1 | Entered Level 1 of the Spider Nest
 26114 | Spider:1 | Reached skill level 16 in Dodging
 26250 | Spider:1 | Reached XP level 17. HP: 104/131 MP: 27/33
 26664 | Spider:1 | Identified a scroll of acquirement
 26691 | Spider:1 | Acquired 782 gold pieces
 26758 | Spider:2 | Found a frozen archway.
 26787 | IceCv    | Entered an ice cave
 26801 | IceCv    | HP: 5/131 [dire elephant simulacrum (8)]
 26841 | IceCv    | Found a transporter.
 26854 | IceCv    | Found a transporter.
 28066 | Spider:3 | Found a runed translucent door.
 28066 | Spider:3 | Noticed Boexyac's ghost (adept OpCj)
 28126 | Spider:3 | Paralysed by a jorogumo for 3 turns
 28186 | Spider:3 | Reached skill level 10 in Conjurations
 28186 | Spider:3 | Reached skill level 10 in Hexes
 28186 | Spider:3 | Reached skill level 10 in Summonings
 28186 | Spider:3 | Reached skill level 10 in Necromancy
 28186 | Spider:3 | Reached skill level 10 in Translocations
 28186 | Spider:3 | Reached skill level 10 in Transmutations
 28186 | Spider:3 | Reached skill level 10 in Fire Magic
 28186 | Spider:3 | Reached skill level 10 in Air Magic
 28186 | Spider:3 | Reached skill level 10 in Earth Magic
 28186 | Spider:3 | Reached skill level 10 in Poison Magic
 28242 | Spider:3 | Noticed Arachne
 28254 | Spider:3 | Killed Arachne
 29173 | Spider:3 | Killed Boexyac's ghost
 29255 | Spider:4 | Entered Level 4 of the Spider Nest
 29560 | Spider:4 | Reached skill level 17 in Dodging
 29750 | Spider:4 | Reached XP level 18. HP: 105/140 MP: 31/35
 29752 | Spider:4 | Paralysed by a jorogumo for 1 turns
 30069 | Spider:4 | Learned a level 7 spell: Spellforged Servitor
 30109 | Spider:3 | Learned a level 8 spell: Lehudib's Crystal Spear
 30202 | Spider:4 | Learned a level 3 spell: Stone Arrow
 31498 | Spider:4 | Got a gossamer rune of Zot
 31954 | Elf:1    | Entered Level 1 of the Elven Halls
 32300 | Orc:2    | Bought the Unrestrained Analects for 528 gold pieces
 32457 | Lair:2   | Learned a level 7 spell: Ozocubu's Refrigeration
 32772 | Shoals:1 | Found Kutul's Antique Armour Emporium.
 32783 | Shoals:1 | Bought a runed helmet for 270 gold pieces
 32959 | Shoals:1 | Found a runed translucent door.
 32963 | Shoals:1 | Noticed Rarph's ghost (adept DsFi)
 32976 | Shoals:1 | Killed Rarph's ghost
 33456 | Shoals:2 | Noticed Ilsuiw
 33471 | Shoals:2 | Killed Ilsuiw
 33656 | Shoals:2 | Found Michudd's Magic Scroll Boutique.
 33669 | Shoals:2 | Bought a scroll of fear for 38 gold pieces
 33669 | Shoals:2 | Bought a scroll of teleportation for 33 gold pieces
 33669 | Shoals:2 | Bought a scroll of amnesia for 38 gold pieces
 34324 | Shoals:3 | Reached XP level 19. HP: 148/148 MP: 21/36
 34482 | Shoals:3 | Reached skill level 18 in Dodging
 34798 | Shoals:3 | Noticed Mara
 34817 | Shoals:3 | Noticed Crownlay's illusion
 35680 | Shoals:4 | Entered Level 4 of the Shoals
 35711 | Shoals:3 | Learned a level 7 spell: Orb of Destruction
 35786 | Shoals:4 | Noticed Crownlay's illusion
 35791 | Shoals:4 | Killed Mara
 36094 | Shoals:4 | Found Hinnac Lanwo's One-of-a-Kind Rings.
 36826 | Shoals:4 | Got a barnacled rune of Zot
 37656 | Elf:1    | Found Woer's Magic Scroll Shoppe.
 37674 | Elf:1    | Bought a scroll of amnesia for 66 gold pieces
 37674 | Elf:1    | Bought a scroll of amnesia for 66 gold pieces
 38120 | Elf:1    | Found Tinu Ogg's Jewellery Shop.
 38121 | Elf:1    | Found Mazxy's Book Shoppe.
 38123 | Elf:1    | Found Vuseupy's Jewellery Shop.
 38328 | Elf:1    | Reached XP level 20. HP: 157/157 MP: 33/38
 38578 | Elf:2    | Found Vostrug's Antique Weapon Boutique.
 38689 | Elf:2    | Reached skill level 19 in Dodging
 38801 | Elf:2    | Found a runed translucent gate.
 38801 | Elf:2    | Found a runed translucent gate.
 38801 | Elf:2    | Found a runed translucent gate.
 39208 | Elf:1    | Found a radiant altar of Vehumet.
 39484 | Vaults:1 | Entered Level 1 of the Vaults
 39743 | Vaults:1 | Learned a level 8 spell: Lehudib's Crystal Spear
 39778 | Vaults:1 | Noticed Saint Roka
 39800 | Vaults:1 | Killed Saint Roka
 40039 | Vaults:1 | Noticed Nikola
 40058 | Vaults:1 | Killed Nikola
 40077 | Vaults:1 | Reached skill level 15 in Invocations
 40633 | Vaults:1 | Paralysed by a floating eye for 4 turns
 40731 | Vaults:1 | Identified the ring "Buatuh" {rF+++ MP+9 Str-5 Dex+4}
 40851 | Vaults:1 | You fall into a shaft and drop 1 floor!
 41406 | Vaults:1 | Paralysed by a great orb of eyes for 5 turns
 41709 | Vaults:2 | Identified the ring of Ynwebor {rPois Int+4 Dex+3 SInv}
 41977 | Vaults:2 | Reached XP level 21. HP: 165/165 MP: 32/39
 42002 | Vaults:2 | Reached skill level 15 in Spellcasting
 42003 | Vaults:2 | Slain by a frost giant

Illustrated notes

Levels and vault maps discovered:
D:1:      denvon_arrival_waterhouse, layout_loops_ring,
          hellmonk_ecumenical_altar_defaced_shrine
D:2:      cheibrodos_greedy_goblins, layout_loops_cross, minmay_strange_pillars,
          nicolae_elevator_lobby_asterisk
D:3:      layout_loops_cross, mainiacjoe_overflow_six_doors_small, serial_shops,
          nicolae_shop_waterfront, item_on_display_a, uniq_terence,
          uniq_natasha, uniq_sigmund, uniq_robin
D:4:      layout_basic, minmay_manual_mail
D:5:      layout_basic, nzn_hepliaklqana_mist_gate,
          eat_drink_and_be_merry_uskayaw, temple_pool_b, serial_park_tiny_2,
          kennysheep_decorative_pillar
D:6:      layout_loops_ring, marbit_many_paths
D:7:      layout_rooms, chequers_temple_overflow_statue_of_worship,
          minmay_fractal_squares_gapless_5
D:8:      layout_rooms, mainiacjoe_overflow_catwalk, special_room
          [special_room_kobold]
D:9:      layout_big_octagon, nicolae_overflow_crystal_walls, nrook_uturn
D:10:     layout_roguey, cheibriados_altar_1, tgw_xom, kennysheep_little_box,
          erik_lair_orcish_takeover, uniq_joseph
D:11:     layout_stronghold, orc_0_dummy, uniq_psyche
D:12:     layout_roguey [special_room_orc], enter_trove_6, uniq_nergalle
D:13:     layout_loops_ring
D:14:     layout_loops_ring, erik_vaults_2, hangedman_abyss_or_decor_lesser_grid
D:15:     hangedman_depths_entry_try_elsewhere_first, layout_gridville,
          minmay_misc_feat_tower, hellmonk_guarded_unrand_staff_of_battle
Temple:   eino_temple_lava
Lair:1:   layout_chaotic_city
Lair:2:   layout_cave_pods, shoals_dummy_entry, dummy_spider_entry, uniq_maggie
Lair:3:   layout_misc_corridors, special_room [special_room_bee],
          serial_bayou_crossing, uniq_rupert
Lair:4:   hellmonk_destroyed_diamonds, layout_long_grid,
          infiniplex_staircase_pool_2, uniq_urug
Lair:5:   nzn_winding_woodlands_medium [nzn_winding_woodlands_hourglass,
          nzn_winding_woodlands_5x15_twine, nzn_winding_woodlands_5x5_cross,
          nzn_winding_woodlands_5x5_three,
          nzn_winding_woodlands_center_diamonds,
          nzn_winding_woodlands_5x5_closed_star,
          nzn_winding_woodlands_5x5_checkerboard,
          nzn_winding_woodlands_5x15_cabin,
          nzn_winding_woodlands_5x5_perimeter], layout_loops_ring,
          slime_altar_1, gauntlet_entry_generic, nzn_masters_of_martial_movement
Lair:6:   minmay_lair_end_enchanted_forest, layout_loops_ring,
          minmay_lair_oklob_items, st_stairs_11
Shoals:1: layout_shoals, ebering_ghost_inner_flame, nicolae_shoals_c_island
Shoals:2: layout_shoals, serial_shops, shop_statue,
          nicolae_shoals_lost_giant_pillars, uniq_ilsuiw
Shoals:3: layout_shoals, nicolae_shoals_flooded_hall, uniq_mara
Shoals:4: shoals_end_simple, layout_shoals, nicolae_shop_unique_rings
Spider:1: lemuel_spider_zombies
Spider:2: layout_spider_delve, portal_ice_cave_entry_pillars_2
Spider:3: layout_spider_delve, hellmonk_ghost_happy_afterlife, uniq_arachne
Spider:4: floodkiller_spider_rune_tomb
Orc:1:    layout_caves, basic_altar, uniq_fannar
Orc:2:    grunt_orc_gardens, layout_caves, grunt_orc_garden, grunt_orc_garden,
          grunt_orc_garden, grunt_orc_garden, uniq_donald
Elf:1:    elf_arrival_002, layout_geoelf_octagon, serial_shops, shop,
          minivault_28, minmay_shop_grove, grunt_megastairs_4,
          lemuel_upstairs_altar
Elf:2:    elven_hall_of_blades_hangedman_original [nicolae_blade_bullseye],
          layout_loops_corners, serial_shops, nicolae_take_the_stairs
Vaults:1: nicolae_vaults_twisting_passages, nicolae_vaults_branching_niches,
          v_misc_11, v_misc_9, vaults_room_fancy_cross,
          nicolae_vaults_sealed_display, nicolae_vaults_theta,
          nicolae_vaults_border_crossing, layout_vaults_ring, uniq_nikola,
          uniq_saint_roka
Vaults:2: nicolae_vaults_little_squares_6, minmay_crypt_entry_simple_box,
          dpeg_vaults_pockets_of_resistance, ontoclasm_vaults_ring_small,
          vaults_room_octagon, vaults_room_stairs_pillars, v_pattern_2,
          layout_vaults_omnigrid

Skill      XL: |  1  2  3  4  5  6  7  8  9 10 11 12 13 14 15 16 17 18 19 20 21 |
---------------+----------------------------------------------------------------+-----
Spellcasting   | 5 6 7 8 9 10 11 12 13 14 15 | 15.0
Invocations    | 1 2 3 4 5 6 7 8 9 10 11 12 13 14 15 | 15.3
Fighting       | 1 2 3 4 5 6 7 8 9 10 11 12 13 14 | 14.2
Short Blades   | 1 2 3 4 5 6 7 8 9 10 11 12 13 14 | 14.2
Long Blades    | 1 2 3 4 5 6 7 8 9 10 11 12 13 14 | 14.2
Axes           | 1 2 3 4 5 6 7 8 9 10 11 12 13 14 | 14.2
Maces & Flails | 1 2 3 4 5 6 7 8 9 10 11 12 13 14 | 14.2
Polearms       | 1 2 3 4 5 6 7 8 9 10 11 12 13 14 | 14.2
Staves         | 1 2 3 4 5 6 7 8 9 10 11 12 13 14 | 14.2
Slings         | 1 2 3 4 5 6 7 8 9 10 11 12 13 14 | 14.2
Bows           | 1 2 3 4 5 6 7 8 9 10 11 12 13 14 | 14.2
Crossbows      | 1 2 3 4 5 6 7 8 9 10 11 12 13 14 | 14.2
Throwing       | 1 2 3 4 5 6 7 8 9 10 11 12 13 14 | 14.2
Armour         | 1 2 3 4 5 6 7 8 9 10 11 12 13 14 | 14.2
Shields        | 1 2 3 4 5 6 7 8 9 10 11 12 13 14 | 14.2
Unarmed Combat | 1 2 3 4 5 6 7 8 9 10 11 12 13 14 | 14.2
Evocations     | 1 2 3 4 5 6 7 8 9 10 11 12 13 14 | 14.2
Conjurations   | 1 2 3 4 5 6 7 8 9 10 11 12 | 12.0
Hexes          | 1 2 3 4 5 6 7 8 9 10 11 12 | 12.0
Summonings     | 1 2 3 4 5 6 7 8 9 10 11 12 | 12.0
Necromancy     | 1 2 3 4 5 6 7 8 9 10 11 12 | 12.0
Translocations | 1 2 3 4 5 6 7 8 9 10 11 12 | 12.0
Transmutations | 1 2 3 4 5 6 7 8 9 10 11 12 | 12.0
Fire Magic     | 1 2 3 4 5 6 7 8 9 10 11 12 | 12.0
Air Magic      | 1 2 3 4 5 6 7 8 9 10 11 12 | 12.0
Earth Magic    | 1 2 3 4 5 6 7 8 9 10 11 12 | 12.0
Poison Magic   | 1 2 3 4 5 6 7 8 9 10 11 12 | 12.0
Dodging        | 5 6 7 9 10 11 12 13 15 16 17 18 19 | 19.8
Stealth        | 5 6 7 8 9 10 11 12 13 14 | 14.7
Ice Magic      | 8 9 10 11 12 13 | 13.8

Action                   |  1- 3 |  4- 6 |  7- 9 | 10-12 | 13-15 | 16-18 | 19-21 || total
-------------------------+-------+-------+-------+-------+-------+-------+-------++-------
Melee: Unarmed           |    12 |       |       |       |       |       |       ||    12
       Bite              |     2 |       |       |     8 |     9 |    70 |    19 ||   108
       Punch             |     1 |       |       |       |       |       |       ||     1
       Quarterstaff      |       |       |       |    35 |    34 |       |       ||    69
       Dagger            |       |       |       |       |       |   316 |    97 ||   413
 Fire: Hunting sling     |    38 |    73 |   284 |   538 |  1393 |  1614 |  1037 ||  4977
 Cast: Freeze            |    39 |       |       |     5 |       |       |       ||    44
       Frozen Ramparts   |       |     7 |     6 |    40 |    61 |    80 |    60 ||   254
       Ozocubu's Armour  |       |     3 |     6 |    27 |    46 |    60 |     3 ||   145
       Hailstorm         |       |       |       |       |    13 |     2 |    10 ||    25
       Statue Form       |       |       |       |       |       |    36 |   101 ||   137
       Spellforged Servi |       |       |       |       |       |    24 |    32 ||    56
       Ozocubu's Refrige |       |       |       |       |       |     4 |     4 ||     8
       Orb of Destructio |       |       |       |       |       |       |     2 ||     2
Evoke: Wand              |       |       |       |       |     4 |     1 |       ||     5
  Use: Potion            |       |       |     1 |     2 |     2 |     9 |     1 ||    15
       Scroll            |       |       |     4 |     2 |     5 |    16 |     1 ||    28
 Stab: Paralysed         |       |       |       |     2 |     8 |    20 |    16 ||    46
       Invisible         |       |       |       |       |       |     3 |       ||     3
Armor: Robe              |    11 |       |       |       |       |       |       ||    11
       Animal skin       |       |     7 |    19 |       |       |       |       ||    26
       Steam dragon scal |       |       |    18 |   106 |    58 |       |       ||   182
       Leather armour    |       |       |       |       |   112 |   324 |    16 ||   452
       Skin              |       |       |       |       |       |    65 |   204 ||   269
Dodge: Dodged            |    32 |    25 |    89 |   369 |   810 |  1431 |   826 ||  3582
Block: Buckler           |       |       |       |       |       |   905 |   472 ||  1377
       Reflection        |       |       |       |       |       |    66 |    85 ||   151

Table legend: (Time is in decaauts)
 A = Elapsed time spent in this place.
 B = Non-inter-level travel time spent in this place.
 C = Inter-level travel time spent in this place.
 D = Time resting spent in this place.
 E = Time spent auto-exploring this place.
 F = Levels seen in this place.
 G = Mean time per level.
                   A        B        C        D        E       F      G
               +--------+--------+--------+--------+--------+-----+--------+
         Total |  45365 |  41495 |   3870 |   1088 |  27384 |  38 | 1193.8 |
       Dungeon |  17209 |  15596 |   1613 |      0 |  12917 |  15 | 1147.3 |
        Temple |     84 |     84 |      0 |      0 |     55 |   1 |   84.0 |
          Lair |   7137 |   6454 |    683 |    112 |   4443 |   6 | 1189.5 |
        Shoals |   6449 |   5716 |    733 |    234 |   2706 |   4 | 1612.2 |
   Spider Nest |   6061 |   5779 |    282 |    601 |   2796 |   4 | 1515.2 |
  Orcish Mines |   1930 |   1569 |    361 |      0 |   1030 |   2 |  965.0 |
   Elven Halls |   2574 |   2411 |    163 |     33 |   1336 |   2 | 1287.0 |
        Vaults |   3107 |   3075 |     32 |     88 |   1874 |   2 | 1553.5 |
      Ice Cave |    141 |    141 |      0 |      0 |      0 |   1 |  141.0 |
      Gauntlet |    668 |    668 |      0 |     19 |    225 |   1 |  668.0 |
               +--------+--------+--------+--------+--------+-----+--------+

Top non-repeatable levels by time:
Vaults:1: 2344 daAuts
Shoals:3: 2289 daAuts
Spider:4: 2086 daAuts
Shoals:4: 1978 daAuts
Spider:3: 1881 daAuts
    D:12: 1875 daAuts
  Lair:2: 1837 daAuts
     D:1: 1514 daAuts
    D:11: 1447 daAuts
   Elf:1: 1445 daAuts
     D:4: 1437 daAuts
    D:10: 1345 daAuts
  Lair:6: 1298 daAuts
     D:9: 1265 daAuts
Spider:1: 1248 daAuts
